 Dungeon Crawl Stone Soup version 0.28.0-53-g5a82cb258f (webtiles) character file.

Game seed: 11288566492265921064

21597 daleorion the Severer (level 12, 0/112 HPs)
             Began as a Minotaur Berserker on Aug 25, 2022.
             Was an Elder of Trog.
             Slain by a spriggan rider
             ... wielding a +0 spear
              (8 damage)
             ... on level 3 of the Lair of Beasts.
             The game lasted 00:27:48 (11715 turns).

daleorion the Severer (Minotaur Berserker)         Turns: 11715, Time: 00:27:49

Health: 0/112      AC: 14    Str: 30    XL:     12   Next: 55%
Magic:  11/11      EV: 14    Int:  4    God:    Trog [****..]
Gold:   849        SH:  8    Dex: 13    Spells: 11/11 levels left

rFire   + + +      SeeInvis .   m - +0 broad axe (vorpal)
rCold   x . .      Faith    .   v - +3 buckler of Asceticism {rF+ Regen+ Str+4 Dex-4 Stlth+}
rNeg    . . .      Spirit   .   r - +0 swamp dragon scales
rPois   +          Reflect  .   (helmet restricted)
rElec   .          Harm     .   p - +2 cloak
rCorr   .          Rampage  .   (no gloves)
Will    +++..                   d - +0 pair of boots
Stlth   +++.......              (no amulet)
HPRegen 2.08/turn               q - ring "Axatalle" {Fire Will+ Dex+6}
MPRegen 0.12/turn               y - ring of protection from fire

@: strong-willed, on berserk cooldown, regenerating, slowed, very slow
A: horns 2, retaliatory headbutt, poison resistance, no potion heal 1
a: Renounce Religion, Berserk, Trog's Hand, Brothers in Arms


You were on level 3 of the Lair of Beasts.
You worshipped Trog.
Trog was greatly pleased with you.
You visited 2 branches of the dungeon, and saw 12 of its levels.
You also visited: Volcano.

You collected 849 gold pieces.

Inventory:

Hand Weapons
 m - a +0 vorpal broad axe (weapon)
 C - a +2 battleaxe of flaming
Missiles
 o - 3 throwing nets
Armour
 d - a +0 pair of boots (worn)
 p - a +2 cloak (worn)
 r - +0 swamp dragon scales (worn)
 v - the +3 buckler of Asceticism (worn) {rF+ Regen+ Str+4 Dex-4 Stlth+}
   (You acquired it on level 1 of the Lair of Beasts)

   Str:       It affects your strength (+4).
   Dex:       It affects your dexterity (-4).
   rF:        It protects you from fire.
   Regen:     It increases your rate of health regeneration.
   Stlth:     It makes you more stealthy.
 D - a +2 chain mail of fire resistance
Jewellery
 q - the ring "Axatalle" (left hand) {Fire Will+ Dex+6}
   (You found it on level 7 of the Dungeon)

   [ring of fire]

   It enhances your fire magic.
   Dex:       It affects your dexterity (+6).
   rF:        It protects you from fire.
   rC:        It makes you vulnerable to cold.
   Will:      It increases your willpower.
 t - a ring of ice
 y - a ring of protection from fire (right hand)
 B - a ring of protection from fire
Wands
 b - a wand of mindburst (41)
 i - a wand of flame (40)
 k - a wand of paralysis (19) (quivered)
 l - a wand of polymorph (1)
Scrolls
 a - 3 scrolls of fear
 e - 6 scrolls of teleportation
 h - 3 scrolls of amnesia
 j - a scroll of blinking
 x - 4 scrolls of identify
 A - 2 scrolls of torment {unknown}
Potions
 c - a potion of curing
 f - 4 potions of haste
 g - a potion of experience {unknown}
 n - 2 potions of attraction
 s - 3 potions of cancellation
 u - a potion of flight {unknown}
 w - a potion of magic {unknown}
 z - 2 potions of lignification {unknown}


   Skills:
 + Level 12.3 Fighting
 + Level 16.9 Axes
 + Level 9.4 Armour
 + Level 8.0 Dodging
 + Level 5.1 Stealth
 + Level 3.9 Shields
 + Level 1.5 Unarmed Combat
 + Level 0.4 Evocations


You had 11 spell levels left.
You didn't know any spells.
Your spell library was empty.

Dungeon Overview and Level Annotations

Branches:
Dungeon (9/15)             Temple (0/1) D:5            Lair (3/6) D:9
 Shoals (0/4) Lair:2       Spider (0/4) Lair:2      Volcano (visited)
    Orc: D:9-12

Altars:
Elyvilon
Xom

Shops:
D:1 ?   D:7 (((**


Innate Abilities, Weirdness & Mutations

You have a pair of horns on your head.
You reflexively headbutt those who attack you in melee.
Your system is resistant to poisons. (rPois)
Potions are less effective at restoring your health.


Message History

The wolf bites you.
* * * LOW HITPOINT WARNING * * *
The wolf bites you.
* * * LOW HITPOINT WARNING * * *
The wolf misses you. You furiously retaliate!
You headbutt the wolf! The wolf closely misses you. You furiously retaliate!
You headbutt the wolf, but do no damage.
The wolf bites you.
* * * LOW HITPOINT WARNING * * *
You block the wolf's attack. The wolf misses you. You furiously retaliate!
You headbutt the wolf.
The blink frog blinks!
You block the wolf's attack.
The wolf bites you but does no damage. x2
The spriggan rider hits you from afar with a +0 spear.
* * * LOW HITPOINT WARNING * * *
The wolf misses you. You furiously retaliate!
You headbutt the wolf.
The wolf misses you. x2; You furiously retaliate!
You headbutt the wolf.
The wolf closely misses you. x2; You furiously retaliate!
You headbutt the wolf, but do no damage.
You block the wolf's attack.
The blink frog blinks!
Okay, then.
You closely miss the wolf. You headbutt the wolf!
The wolf is severely wounded.
You slash the wolf!
You kill the wolf!
Trog accepts your kill.
You miss the wolf. You slice the wolf!!
You kill the wolf!
Trog accepts your kill.
You hit the wolf but do no damage. You slice the wolf!!
You kill the wolf!
Trog accepts your kill.
You slash the wolf!
You kill the wolf!
Trog accepts your kill. The wolf bites you!
* * * LOW HITPOINT WARNING * * *
The wolf bites you but does no damage. You block the wolf's attack.
A wolf comes into view.
The spriggan rider hits you from afar with a +0 spear!
You die...

#........ #### ###
########........
#.P..###.####..#.##.........
...................<........
............................
......F....................#
.........Fl.................
.♣♣.......hF†...............
..♣.....ih@h.........^....#
.....♣♣..hh†...............#
.....F.#F.h#.#.####....<...#
.....♣.#.#### # #........#
h......#.P ##.......#
.hS.♣... #........ ....♣.
##........ .. #.........
##........


You could see a spriggan rider, a komodo dragon, a black mamba (wandering), 5
blink frogs and 7 wolves.

Vanquished Creatures
  The ghost of Reqegg the Basher, a journeyman MiFi of Ashenzari (Lair:1)
  A hydra (Lair:2)
  A two-headed ogre (D:8)
  A dancing weapon (Lair:1)
  A hell knight (Volcano)
  A salamander mystic (Volcano)
  An orb spider (Lair:2)
  The ghost of Quickbrownfox the Sneak, a novice OpIE of Vehumet (D:7)
  5 salamanders (Volcano)
  A torpor snail (Lair:3)
  Maggie (D:6)
  8 cane toads
  2 rime drakes
  4 komodo dragons
  2 polar bears
  A troll (D:8)
  11 blink frogs
  Eustachio (D:5)
  18 yaks
  2 wyverns (Lair:2)
  Grum (D:8)
  6 water moccasins
  2 ice beasts
  4 black bears
  3 orc warriors
  13 wolves
  5 centaurs
  A phantom (D:6)
  9 bullfrogs
  3 scorpions
  14 killer bees
  A water moccasin skeleton (D:7)
  8 wights
  An electric eel (Lair:1)
  A centaur zombie (D:6)
  2 howler monkeys (D:7)
  3 bullfrog skeletons
  A bullfrog zombie (D:5)
  5 hounds
  4 orc priests
  2 iguanas
  2 orc wizards
  2 killer bee zombies
  2 bullfrog simulacra (D:7)
  2 centaur simulacra (D:7)
  A hound skeleton (D:3)
  2 howler monkey zombies (D:6)
  A gnoll (D:1)
  2 adders
  A shadow imp (D:6)
  2 white imps
  2 ufetubi
  An adder skeleton (D:4)
  2 worms
  2 dart slugs
  14 orcs
  6 ball pythons
  6 endoplasms
  2 giant cockroaches
  3 goblins
  6 hobgoblins
  8 jackals
  5 quokkas
  5 bats
  A frilled lizard (D:2)
  3 kobolds
  A quokka skeleton (D:4)
  A rat (D:2)
  A plant (Lair:2)
239 creatures vanquished.

Vanquished Creatures (others)
  6 fungi
  A plant (Lair:1)
7 creatures vanquished.

Grand Total: 246 creatures vanquished

Notes
Turn   | Place    | Note
-------+----------+-------------------------------------------
     0 | D:1      | daleorion the Minotaur Berserker began the quest for the
                  | Orb.
     0 | D:1      | Reached XP level 1. HP: 19/19 MP: 0/0
   123 | D:1      | Reached skill level 4 in Axes
   123 | D:1      | Reached XP level 2. HP: 6/27 MP: 1/1
   516 | D:1      | Found Nyoraofi's Magic Scroll Shop.
   929 | D:2      | Reached XP level 3. HP: 13/33 MP: 2/2
  1612 | D:2      | Reached ** piety under Trog
  2047 | D:3      | Reached XP level 4. HP: 37/41 MP: 3/3
  2163 | D:3      | Reached skill level 5 in Axes
  2650 | D:3      | Gained mutation: Potions are less effective at restoring
                  | your health. [potion of mutation]
  2650 | D:3      | Gained mutation: Your system is resistant to poisons.
                  | (rPois) [potion of mutation]
  2650 | D:3      | Gained mutation: You are frail. (-10% HP) [potion of
                  | mutation]
  2650 | D:3      | Lost mutation: You are frail. (-10% HP) [potion of
                  | mutation]
  2864 | D:4      | Reached XP level 5. HP: 24/47 MP: 4/4
  3070 | D:4      | Reached skill level 6 in Axes
  3070 | D:4      | Reached skill level 1 in Stealth
  3173 | D:4      | Identified the +3 robe "Iqaqory" {Int+9}
  3194 | D:4      | Reached skill level 5 in Fighting
  3194 | D:4      | Reached XP level 6. HP: 56/56 MP: 5/5
  3597 | D:5      | Entered Level 5 of the Dungeon
  3690 | D:5      | Noticed an orc warrior
  3934 | D:5      | Killed an orc warrior
  3935 | D:5      | Reached skill level 7 in Axes
  4279 | D:5      | Reached XP level 7. HP: 59/61 MP: 6/6
  4305 | D:5      | Noticed Eustachio
  4312 | D:5      | Killed Eustachio
  4731 | D:5      | Found a staircase to the Ecumenical Temple.
  4940 | D:6      | Reached skill level 8 in Axes
  5125 | D:6      | Noticed Maggie
  5143 | D:6      | Identified the -6 kite shield "Beewicas" {Harm +Blink rElec
                  | rF-}
  5156 | D:6      | Killed Maggie
  5157 | D:6      | Reached skill level 5 in Armour
  5157 | D:6      | Reached skill level 1 in Unarmed Combat
  5157 | D:6      | Reached XP level 8. HP: 70/70 MP: 7/7
  5301 | D:6      | Reached *** piety under Trog
  5302 | D:6      | Reached skill level 9 in Axes
  5691 | D:7      | Found Itsoviuz's Antique Weapon Shop.
  5750 | D:7      | Found Hoipp's Assorted Antiques.
  5761 | D:7      | Found Kyurgh's Antique Weapon Shoppe.
  5769 | D:7      | Reached XP level 9. HP: 79/79 MP: 8/8
  5822 | D:7      | Found Oqeihir's Antique Weapon Boutique.
  5839 | D:7      | Found a runed translucent gate.
  5839 | D:7      | Found a runed translucent gate.
  5839 | D:7      | Found a runed translucent gate.
  5894 | D:7      | Reached skill level 10 in Axes
  6082 | D:7      | Found Wefyrph's Assorted Antiques.
  6339 | D:7      | Reached skill level 5 in Dodging
  6368 | D:7      | Noticed Quickbrownfox's ghost (novice OpIE)
  6596 | D:7      | Killed Quickbrownfox's ghost
  6597 | D:7      | Reached skill level 11 in Axes
  6600 | D:7      | Reached **** piety under Trog
  6823 | D:7      | Got the ring "Axatalle" {Fire Will+ Dex+6}
  7015 | D:8      | Noticed a two-headed ogre
  7022 | D:8      | Killed a two-headed ogre
  7023 | D:8      | Reached skill level 12 in Axes
  7023 | D:8      | Reached XP level 10. HP: 89/89 MP: 9/9
  7075 | D:8      | Noticed Grum
  7087 | D:8      | Killed Grum
  7930 | D:9      | Reached skill level 13 in Axes
  8055 | D:9      | Found a staircase to the Lair.
  8335 | D:9      | Found a white marble altar of Elyvilon.
  8593 | Lair:1   | Entered Level 1 of the Lair of Beasts
  8898 | Lair:1   | Noticed a cane toad
  8904 | Lair:1   | Killed a cane toad
  8964 | Lair:1   | Noticed a cane toad
  8971 | Lair:1   | Killed a cane toad
  8982 | Lair:1   | Found a runed translucent door.
  9013 | Lair:1   | Reached skill level 14 in Axes
  9178 | Lair:1   | Noticed a cane toad
  9181 | Lair:1   | Killed a cane toad
  9182 | Lair:1   | Reached XP level 11. HP: 99/99 MP: 10/10
  9206 | Lair:1   | Reached skill level 10 in Fighting
  9381 | Lair:1   | Identified a scroll of acquirement
  9381 | Lair:1   | Acquired the +3 buckler of Asceticism {rF+ Regen+ Str+4
                  | Dex-4 Stlth+}
  9677 | Lair:1   | Found a shimmering altar of Xom.
  9677 | Lair:1   | Noticed a +1 dire flail of chaos
  9677 | Lair:1   | Noticed Reqegg's ghost (journeyman MiFi)
  9689 | Lair:1   | Killed a +1 dire flail of chaos
  9698 | Lair:1   | Killed Reqegg's ghost
  9850 | Lair:1   | Identified the +5 halberd of Idorez {venom, rPois rCorr
                  | Str+8 Dex-5}
 10093 | Lair:2   | Reached skill level 15 in Axes
 10211 | Lair:2   | Found a staircase to the Shoals.
 10244 | Lair:2   | Reached skill level 1 in Shields
 10266 | Lair:2   | Noticed a seven-headed hydra
 10677 | Lair:2   | Reached XP level 12. HP: 87/110 MP: 11/11
 10717 | Lair:2   | Found a hole to the Spider Nest.
 10734 | Lair:2   | Reached skill level 16 in Axes
 10817 | Lair:2   | Killed an 11-headed hydra
 11217 | Lair:3   | Found a dark tunnel.
 11225 | Volcano  | Entered a volcano
 11402 | Volcano  | Reached skill level 5 in Stealth
 11414 | Volcano  | Identified the +0 helmet of Sif Muna's Inspiration {Str-4
                  | Int+3 Dex+3}
 11715 | Lair:3   | Slain by a spriggan rider

Illustrated notes

Levels and vault maps discovered:
D:1:      pf_arrival_petrified_forest, layout_loops_ring, serial_shops, shop,
          hangedman_decor_peaks_small, minmay_pentomino_r4
D:2:      layout_basic
D:3:      layout_basic
D:4:      layout_cave_pools, minmay_manual_mess
D:5:      layout_gridville, minmay_temple_entry_poolview, uniq_eustachio
D:6:      minmay_angry_zag, layout_gridville, uniq_maggie
D:7:      layout_rooms, gammafunk_ghost_icy, serial_shops, nicolae_diamond_shop,
          nicolae_shop_hallway_stairs, shop, shop, shop
D:8:      layout_cave_pods, hangedman_abyss_or_decor_clamps, uniq_grum
D:9:      layout_gridville, kennysheep_mini, dpeg_oklobed_lair
Lair:1:   layout_chaotic_city, ebering_ghost_xom, amcnicky_mini_pool_medium
Lair:2:   layout_chaotic_city, shoals_dummy_entry,
          nicolae_spider_entry_orb_guardian, grunt_megastairs_5,
          serial_bayou_shore_a
Lair:3:   layout_big_grid, enter_volcano_2, grunt_forest_large_clearings,
          grunt_megastairs_2

Skill      XL: |  1  2  3  4  5  6  7  8  9 10 11 12 |
---------------+-------------------------------------+-----
Fighting       | 4 5 6 7 8 9 11 12 | 12.3
Axes           | 4 5 6 7 8 9 12 14 15 16 | 16.9
Dodging        | 3 4 5 6 7 8 |  8.0
Stealth        | 1 2 3 4 5 |  5.1
Armour         | 3 5 6 7 8 9 |  9.4
Unarmed Combat | 1 |  1.5
Shields        | 2 3 |  3.9
Evocations     | |  0.4

Action                   |  1- 3 |  4- 6 |  7- 9 | 10-12 || total
-------------------------+-------+-------+-------+-------++-------
Melee: Hand axe          |    76 |   112 |       |       ||   188
       Headbutt          |    16 |    16 |    24 |    67 ||   123
       Punch             |     1 |     1 |       |     4 ||     6
       Broad axe         |       |       |   126 |   270 ||   396
       Unarmed           |       |       |     5 |       ||     5
Invok: Berserk           |     1 |     1 |     4 |     7 ||    13
       Trog's Hand       |       |       |     1 |     4 ||     5
Evoke: Wand              |       |       |     2 |       ||     2
  Use: Scroll            |     2 |     4 |     7 |     1 ||    14
       Potion            |       |     5 |       |     4 ||     9
 Stab: Sleeping          |     1 |       |       |     7 ||     8
       Invisible         |       |     1 |       |       ||     1
       Paralysed         |       |       |     4 |       ||     4
Armor: Animal skin       |    21 |    13 |       |       ||    34
       Plate armour      |       |    44 |    20 |       ||    64
       Leather armour    |       |     1 |       |       ||     1
       Skin              |       |       |     1 |       ||     1
       Swamp dragon scal |       |       |    59 |   118 ||   177
       Chain mail        |       |       |       |     1 ||     1
Dodge: Dodged            |    69 |    68 |    96 |   221 ||   454
Block: Buckler           |       |       |       |    71 ||    71
